 Dungeon Crawl Stone Soup version 0.27-a0-279-gdfb9265905 (webtiles) character file.

Game seed: 7527866369032811529

29 gimp the Chopper (level 3, -10/26 HPs)
             Began as a Halfling Chaos Knight on Feb 8, 2021.
             Was a Plaything of Xom.
             Mangled by a tarantella (shapeshifter) (14 damage)
             ... on level 1 of the Dungeon.
             The game lasted 00:02:29 (665 turns).

gimp the Chopper (Halfling Chaos Knight)             Turns: 665, Time: 00:02:30

Health: -10/26     AC:  5    Str: 14    XL:     3   Next: 32%
Magic:  3/3        EV: 13    Int: 10    God:    Xom [.....*]
Gold:   50         SH:  0    Dex: 13    Spells: 2/2 levels left

rFire    . . .     SeeInvis .   a - +1 hand axe (chaos)
rCold    . . .     Faith    .   (shield restricted)
rNeg     . . .     Spirit   .   b - +2 leather armour
rPois    .         Reflect  .   (no helmet)
rElec    .         Harm     .   c - scarf {repulsion}
rCorr    .         Rampage  .   (no gloves)
Will     .....     Rnd*Tele +   (no boots)
Stlth    +.........             (no amulet)
HPRegen  0.08/turn              h - ring of teleportation (curse)
MPRegen  0.08/turn              (no ring)

@: confused, repel missiles
A: small, mutation resistance 1
a: Renounce Religion


You were on level 1 of the Dungeon.
You worshipped Xom.
You were Xom's teddy bear.
You visited 1 branch of the dungeon, and saw 1 of its levels.

You collected 50 gold pieces.

Inventory:

Hand Weapons
 a - a +1 hand axe of chaos (weapon)
Armour
 b - a +2 leather armour (worn)
 c - a scarf of repulsion (worn)
Jewellery
 h - a cursed ring of teleportation (left hand)
Potions
 d - 2 potions of heal wounds
 e - a potion of flight {unknown}


   Skills:
 - Level 3.0 Fighting
 * Level 4.0 Axes
 - Level 2.2 Armour
 - Level 1.1 Dodging


You had 2 spell levels left.
You didn't know any spells.
Your spell library was empty.

Dungeon Overview and Level Annotations

Branches:
Dungeon (1/15)

Altars:


Innate Abilities, Weirdness & Mutations

You are small and have problems with some larger weapons.
You are somewhat resistant to further mutation.


Message History

Xom titters.
The tarantella looks rather confused.
You are now a special plaything of Xom.
The tarantella seems less confused. "Heh heh heh..."
You are confused.
You are now Xom's teddy bear.
The tarantella barely misses you. The tarantella completely misses you.
You're too confused to move!
You feel less confused. The tarantella bites you.
You are confused.
The tarantella bites you.
* * * LOW HITPOINT WARNING * * *
You are more confused.
You take 9 damage, and have 4/26 hp.
MASSIVE DAMAGE!!
You bump into the rock wall.
The tarantella bites you!
Ouch! That really hurt!
You die...
Xom chuckles heartily!

........................†.#..†...
##...###...###...###...##........
#...# #...# #...# #.............
##...###...###...###..#..........
......................#....†.....
......)...............#........(.
.......†..............#..........
##...###...###..s###.............
#...# #...# #..@# #............#
##...###...###..^###..#(.........
......................#...†..[...
......................#..........
...(..................#..........
##...###...###...###.......>.....
#...# #...# #...# #.............
#...###...###...###...##........
.......................##.......


You could see a tarantella shaped shifter.

Vanquished Creatures
  A leopard gecko (D:1)
  5 giant cockroaches (D:1)
  4 jackals (D:1)
  6 bats (D:1)
  3 frilled lizards (D:1)
  2 goblins (D:1)
  2 kobolds (D:1)
  3 rats (D:1)
26 creatures vanquished.

Notes
Turn   | Place    | Note
-------+----------+-------------------------------------------
     0 | D:1      | gimp the Halfling Chaos Knight began the quest for the Orb.
     0 | D:1      | Reached XP level 1. HP: 15/15 MP: 1/1
   120 | D:1      | Reached XP level 2. HP: 20/20 MP: 2/2
   184 | D:1      | XOM: 3-stop teleportation journey
   195 | D:1      | XOM: silly message
   369 | D:1      | XOM: silly message
   455 | D:1      | Reached XP level 3. HP: 25/26 MP: 3/3
   627 | D:1      | Reached skill level 4 in Axes
   634 | D:1      | Noticed a shapeshifter
   634 | D:1      | a giant cockroach changed into a shapeshifter
   634 | D:1      | Noticed a troll
   634 | D:1      | a shapeshifter changed into a troll
   637 | D:1      | XOM: divination: detect items
   647 | D:1      | XOM: noise
   647 | D:1      | Noticed a lindwurm
   647 | D:1      | a troll changed into a lindwurm
   648 | D:1      | XOM: confuse monster(s)
   648 | D:1      | Noticed a tarantella
   648 | D:1      | a lindwurm changed into a tarantella
   649 | D:1      | XOM: confuse monster(s)
   659 | D:1      | XOM: confusion
   665 | D:1      | Mangled by a tarantella (shapeshifter)

Illustrated notes

Levels and vault maps discovered:
D:1:      onia_arrival_mini_maze, layout_rooms, kennysheep_boxes

Skill      XL: |  1  2  3 |
---------------+----------+-----
Fighting       | 3 |  3.0
Axes           | 4 |  4.0
Armour         | |  2.2
Dodging        | |  1.1

Action                   || total
-------------------------++-------
Melee: Hand axe          ||    94
  Use: Scroll            ||     2
Armor: Leather armour    ||    43
Dodge: Dodged            ||   102

Table legend: (Time is in decaauts)
 A = Elapsed time spent in this place.
 B = Non-inter-level travel time spent in this place.
 C = Inter-level travel time spent in this place.
 D = Time resting spent in this place.
 E = Time spent auto-exploring this place.
 F = Levels seen in this place.
 G = Mean time per level.
                   A        B        C        D        E       F      G
               +--------+--------+--------+--------+--------+-----+--------+
         Total |    676 |    676 |      0 |      0 |    427 |   1 |  676.0 |
       Dungeon |    676 |    676 |      0 |      0 |    427 |   1 |  676.0 |
               +--------+--------+--------+--------+--------+-----+--------+

Top non-repeatable levels by time:
     D:1: 676 daAuts
